 Dungeon Crawl Stone Soup version 0.27.1-33-g824d729ab1 (webtiles) character file.

Game seed: 4866738934500956212

48 zeram the Sneak (level 3, 0/16 HPs)
             Began as a Spriggan Enchanter on Dec 31, 2021.
             Killed from afar by Sigmund (4 damage)
             ... with a magic dart
             ... on level 3 of the Dungeon.
             The game lasted 00:03:33 (2587 turns).

zeram the Sneak (Spriggan Enchanter)                Turns: 2587, Time: 00:03:34

Health: 0/16       AC:  3    Str:  4    XL:     3   Next: 50%
Magic:  0/8        EV: 17    Int: 17    God:
Gold:   75         SH:  0    Dex: 15    Spells: 3/8 levels left

rFire    . . .     SeeInvis +   a - +3 dagger
rCold    . . .     Faith    .   (shield restricted)
rNeg     . . .     Spirit   .   b - +1 robe
rPois    .         Reflect  .   (helmet restricted)
rElec    .         Harm     .   (no cloak)
rCorr    .         Rampage  .   (gloves unavailable)
Will     .....                  (boots unavailable)
Stlth    +++.......             (no amulet)
HPRegen  0.05/turn              (no ring)
MPRegen  0.11/turn              (no ring)

@: very slightly contaminated, very quick
A: very small, no large weapons, unfitting armour, see invisible, speed 3
a: no special abilities


You were on level 3 of the Dungeon.
You visited 1 branch of the dungeon, and saw 3 of its levels.

You collected 75 gold pieces.

Inventory:

Hand Weapons
 a - a +3 dagger (weapon)
Armour
 b - a +1 robe (worn)
Jewellery
 g - a +4 ring of evasion
Potions
 c - a potion of flight {unknown}
 f - a potion of curing {unknown}


   Skills:
 - Level 1.1 Short Blades
 + Level 3.2 Dodging
 + Level 5.7 Stealth
 + Level 3.0 Spellcasting
 + Level 4.2 Hexes


You had 3 spell levels left.
You knew the following spells:

 Your Spells              Type           Power      Damage    Failure   Level
a - Magic Dart            Conj           8%         1d3       17%         1
b - Ensorcelled Hibernat  Hex/Ice        18%        N/A       11%         2
c - Searing Ray           Conj           4%         3d3       26%         2

Your spell library contained the following spells:

 Spells                   Type           Power      Damage    Failure   Level
 Corona                   Hex            18%        N/A       3%          1
 Confusing Touch          Hex            17%        N/A       9%          3
 Tukima's Dance           Hex            17%        N/A       9%          3
 Dazzling Flash           Conj/Hex       18%        N/A       22%         3
 Stone Arrow              Conj/Erth      4%         3d7       45%         3
 Fulminant Prism          Conj/Hex       4%         3d6       58%         4
 Animate Armour           Summ/Erth      4%         N/A       86%         4
 Lehudib's Crystal Spear  Conj/Erth      1%         10d2      100%        8


Dungeon Overview and Level Annotations

Branches:
Dungeon (3/15)

Altars:
Sif Muna

Annotations:
D:3 Sigmund


Innate Abilities, Weirdness & Mutations

You are very small and have problems with some larger weapons.
You are too small for most types of armour.
You have supernaturally acute eyesight. (SInv)
You cover ground extremely quickly. (Speed+++)


Message History

HP restored.
You climb downwards.
Level annotation: Sigmund
There is a stone staircase leading up here.
Casting: Ensorcelled Hibernation (safe; 11% risk of failure)
Confirm with . or Enter, or press ? or * to list all spells.
Aiming: Ensorcelled Hibernation (safe; 11% risk of failure)
Press: ? - help, Shift-Dir - straight line, f - Sigmund
Aim: Sigmund, wielding a +0 scythe and wearing a +0 robe (chance to affect: 50%) Sigmund resists with some effort.
Casting: Ensorcelled Hibernation (safe; 11% risk of failure)
Confirm with . or Enter, or press ? or * to list all spells.
Aiming: Ensorcelled Hibernation (safe; 11% risk of failure)
Press: ? - help, Shift-Dir - straight line, f/p - Sigmund
Aim: Sigmund, wielding a +0 scythe and wearing a +0 robe (chance to affect: 50%) Sigmund resists with some effort.
Casting: Ensorcelled Hibernation (safe; 11% risk of failure)
Confirm with . or Enter, or press ? or * to list all spells.
Aiming: Ensorcelled Hibernation (safe; 11% risk of failure)
Press: ? - help, Shift-Dir - straight line, f/p - Sigmund
Aim: Sigmund, wielding a +0 scythe and wearing a +0 robe (chance to affect: 50%)
You miscast Ensorcelled Hibernation.
You are very lightly contaminated with residual magic.
Nothing appears to happen.
Casting: Ensorcelled Hibernation (safe; 11% risk of failure)
Confirm with . or Enter, or press ? or * to list all spells.
Aiming: Ensorcelled Hibernation (safe; 11% risk of failure)
Press: ? - help, Shift-Dir - straight line, f/p - Sigmund
Aim: Sigmund, wielding a +0 scythe and wearing a +0 robe (chance to affect: 50%) Sigmund looks drowsy...
The helpless Sigmund fails to defend himself.
You impale Sigmund!!
Sigmund is severely wounded.
Sigmund hits you with a +0 scythe!
Ouch! That really hurt!
* * * LOW HITPOINT WARNING * * *
There is a stone staircase leading up here.
Sigmund casts a spell at you. The magic dart hits you.
You die...

# !# ###.###
#@....#
#######.###.##.
.......@.......
#######.....###
#........
#.....###
#.....# #######


You could see Sigmund.

Vanquished Creatures
  An adder (D:2)
  A worm (D:2)
  2 dart slugs (D:1)
  5 endoplasms
  3 giant cockroaches
  2 goblins
  3 hobgoblins
  2 quokkas
  2 ball pythons
  2 bats (D:1)
  4 frilled lizards
  2 kobolds (D:1)
  3 rats (D:1)
32 creatures vanquished.

Vanquished Creatures (others)
  12 plants (D:1)
12 creatures vanquished.

Grand Total: 44 creatures vanquished

Notes
Turn   | Place    | Note
-------+----------+-------------------------------------------
     0 | D:1      | zeram the Spriggan Enchanter began the quest for the Orb.
     0 | D:1      | Reached XP level 1. HP: 9/9 MP: 5/5
   561 | D:1      | Found a faded altar of an unknown god.
   602 | D:1      | Reached XP level 2. HP: 13/13 MP: 6/6
  1228 | D:1      | Reached skill level 5 in Stealth
  1601 | D:1      | Learned a level 2 spell: Ensorcelled Hibernation
  1604 | D:1      | Learned a level 2 spell: Searing Ray
  1606 | D:1      | Learned a level 1 spell: Magic Dart
  1675 | D:2      | Reached XP level 3. HP: 16/16 MP: 8/8
  1877 | D:2      | Found a shimmering blue altar of Sif Muna.
  2256 | D:3      | Noticed Sigmund
  2587 | D:3      | Killed from afar by Sigmund

Illustrated notes

Levels and vault maps discovered:
D:1:      dpeg_arrival_stone_temple_mockup, layout_basic,
          dilly_ecumenical_altar_fadedgnrine
D:2:      wad_pebble_path, layout_loops_ring, basic_altar
D:3:      layout_loops_ring, ebering_ghost_sewer_f, chequers_arboretum,
          corexii_corridor_pit, uniq_sigmund

Skill      XL: |  1  2  3 |
---------------+----------+-----
Hexes          | 4 |  4.2
Dodging        | 3 |  3.2
Stealth        | 5 |  5.7
Spellcasting   | 3 |  3.0
Short Blades   | |  1.1

Action                   || total
-------------------------++-------
Melee: Dagger            ||   114
 Cast: Ensorcelled Hiber ||     9
  Use: Scroll            ||     4
 Stab: Sleeping          ||    19
Armor: Robe              ||    13
Dodge: Dodged            ||    61
